Atomiques vs Punishers
Created - April 15, 2019 at 19:01
Goals
|
| Atomiques |
3 |
0 |
2 |
5 |
| Punishers |
3 |
1 |
0 |
4 |
|
Shots
|
| Atomiques |
11 |
9 |
10 |
30 |
| Punishers |
12 |
1 |
11 |
24 |
|
1st period
1. Atomiques , Tyler Brenner 31 (Carl Dahlstrom 2) at 1:26
2. Atomiques , Corey Tropp 22 (Tyler Brenner 39, Kenndal McArdle 15) at 6:17 (PP)
3. Punishers , Andreas Athanasiou 11 (David Laliberté 42, Garret Ross 18) at 6:31
4. Punishers , Dan Bertram 5 (Carter Ashton 20, Stefan Elliott 34) at 9:11 (PP)
5. Punishers , David Laliberté 33 (Andreas Athanasiou 18) at 10:07
6. Atomiques , Eric Mestery 2 (Dwight King 52, Rickard Rakell 56) at 19:07 (PP)
Penalties :
John Macfarland (Pro) for Roughing (Minor) at 4:57, Rickard Rakell (STB) for Holding (Minor) at 7:13, Adam Pelech (Pro) for Hooking (Minor) at 10:36, Miikka Salomaki (Pro) for Hooking (Minor) at 18:42
2nd period
7. Punishers , Freddie Hamilton 5 (Mattias Tedenby 52) at 15:45
Penalties :
Andreas Athanasiou (Pro) for Interference (Minor) at 12:35, Colby Cohen (STB) for Roughing (Minor) at 19:12
3rd period
8. Atomiques , Brock McGinn 11 (Eric Gustafsson 6, Anthony Nigro 10) at 5:04
9. Atomiques , Bobby Farnham 17 (Brock McGinn 30) at 18:57
Penalties :
Nikita Gusev (Pro) for Hooking (Minor) at 2:50, John Draeger (STB) for Diving (Minor) at 7:40, John Macfarland (Pro) for Cross-checking (Minor) at 11:59, Mattias Tedenby (Pro) for Boarding (Minor) at 15:51
Goalie Stats
Jeff Frazee (STB), 20 saves from 24 shots - (0.833), W, 7-10-2, 60:00 minutes
Louis Domingue (Pro), 25 saves from 30 shots - (0.833), L, 16-17-1, 59:38 minutes
Players Stats for Atomiques
Player Name G A P +/- PIM S H SB GA TA FO MP PP MP PK MP
------------------------------------------------------------------------------------
Anthony Nigro 0 1 1 1 0 1 1 0 0 0 4/8 9:43 0:00 0:00
Bobby Farnham 1 0 1 1 0 1 2 1 0 0 0/1 9:43 0:00 0:00
Brock McGinn 1 1 2 1 0 2 0 1 0 0 1/1 9:43 0:00 0:00
Carl Dahlstrom 0 1 1 2 0 0 0 1 0 1 0/0 12:02 0:00 2:00
Colby Cohen 0 0 0 -2 2 0 1 3 0 0 0/0 27:50 6:11 2:20
Corey Tropp 1 0 1 0 0 1 3 0 2 1 0/0 16:46 5:43 0:00
Dalton Smith 0 0 0 0 0 1 2 0 0 0 0/0 7:00 0:00 0:00
Dwight King 0 1 1 -1 0 4 3 2 1 0 2/4 23:54 5:57 3:28
Eric Gustafsson 0 1 1 2 0 1 0 1 0 0 0/0 10:02 0:00 0:00
Eric Mestery 1 0 1 -2 0 5 3 3 1 2 0/0 29:09 6:11 3:38
Jacob De La Rose 0 0 0 0 0 2 1 0 0 0 3/3 7:00 0:00 0:00
John Draeger 0 0 0 0 2 0 0 0 0 0 0/0 20:06 5:29 1:36
Joseph Cramarossa 0 0 0 0 0 0 0 0 0 0 0/2 1:28 0:00 1:19
Kenndal McArdle 0 1 1 0 0 1 2 0 1 0 0/0 18:04 5:43 1:18
Lucas Wallmark 0 0 0 0 0 0 0 0 0 0 0/0 0:26 0:00 0:26
Max McCormick 0 0 0 0 0 0 0 0 0 0 0/0 0:09 0:00 0:00
Mike Halmo 0 0 0 0 0 0 0 0 0 0 0/0 1:19 0:00 1:10
Mitch Callahan 0 0 0 0 0 2 0 0 0 0 0/0 7:00 0:00 0:00
Rickard Rakell 0 1 1 -1 2 1 1 1 0 2 18/37 21:08 5:57 0:43
Ryan Shannon 0 0 0 -1 0 4 3 2 2 0 2/2 23:54 5:57 3:28
Tyler Brenner 1 1 2 0 0 3 1 0 1 0 3/9 16:46 5:43 0:00
Wiley Sherman 0 0 0 0 0 1 2 0 1 0 0/0 20:49 5:29 2:18
Players Stats for Punishers
Player Name G A P +/- PIM S H SB GA TA FO MP PP MP PK MP
------------------------------------------------------------------------------------
Adam Pelech 0 0 0 1 2 2 2 2 0 3 0/0 25:25 3:07 5:41
Andreas Athanasiou 1 1 2 -1 2 1 1 0 0 0 15/30 18:58 2:44 1:16
Ben Betker 0 0 0 0 0 0 1 0 0 0 0/0 4:00 0:00 0:00
Carter Ashton 0 1 1 0 0 0 1 0 0 0 0/1 5:58 0:09 0:00
Dan Bertram 1 0 1 0 0 3 3 0 0 0 0/0 10:29 0:09 3:07
David Laliberté 1 1 2 -1 0 5 2 1 2 0 8/13 26:42 2:44 5:58
Dylan DeMelo 0 0 0 1 0 0 1 1 0 0 0/0 10:40 0:00 1:13
Freddie Hamilton 1 0 1 1 0 1 0 0 0 0 7/14 17:37 3:03 0:21
Garret Ross 0 1 1 -1 0 1 3 0 1 2 2/4 19:09 2:44 1:51
John Macfarland 0 0 0 0 4 0 1 0 0 2 0/0 9:30 0:00 2:44
Jordan Schmaltz 0 0 0 -2 0 1 0 4 1 0 0/0 19:45 2:49 4:37
Madison Bowey 0 0 0 1 0 0 0 1 0 0 0/0 9:27 0:00 0:00
Mattias Tedenby 0 1 1 1 2 2 1 2 1 0 2/5 25:32 3:03 4:49
Michael Joly 0 0 0 0 0 0 0 0 0 0 0/0 1:31 0:09 0:00
Miikka Salomaki 0 0 0 0 2 3 2 0 1 0 0/0 15:20 0:00 3:07
Nikita Gusev 0 0 0 1 2 1 0 1 0 0 0/0 17:25 3:03 0:07
Patrick Wiercioch 0 0 0 -2 0 0 1 1 0 1 0/0 19:45 2:49 4:37
Stefan Elliott 0 1 1 1 0 4 1 1 0 1 0/0 26:48 3:07 7:03
Trevor Van Riemsdyk 0 0 0 0 0 0 0 0 0 0 0/0 4:12 0:00 0:09
3 Stars
1 - Brock McGinn (STB)
2 - Tyler Brenner (STB)
3 - Bobby Farnham (STB)
Power Play
Atomiques - 2 on 7 Attempt(s) - 28.57%
Punishers - 1 on 3 Attempt(s) - 33.33%
Penalty Kill
Atomiques - 2 on 3 Attempt(s) - 66.67%
- Score 0 goal in Penalty Kill
Punishers - 5 on 7 Attempt(s) - 71.43%
- Score 0 goal in Penalty Kill
Team Stat
Atomiques - Hits : 25 - Faceoff Wins : 33 - Blocked Shots : 15 - Penalty Minutes : 6
Punishers - Hits : 20 - Faceoff Wins : 34 - Blocked Shots : 14 - Penalty Minutes : 14
Official
Referees : Unknown
Linesman : Unknown
Game Notes
No Game Note
Finance
Level 1 -- Attendance: 1289 (64.45%) -- Ticket Income $51,560
Level 2 -- Attendance: 645 (64.50%) -- Ticket Income $12,900
Total Attendance: 1934 (64.47%)
Total Ticket Income: $64,460
Other Income: $3,223
Total Income: $67,683
Atomiques
5 vs 5 Forward
Center Left Wing Right Wing Time % Phy DF OF
1 Rickard Rakell Dwight King Ryan Shannon 40 1 2 2
2 Tyler Brenner Kenndal McArdle Corey Tropp 30 1 2 2
3 Anthony Nigro Brock McGinn Bobby Farnham 20 1 2 2
4 Jacob De La Rose Dalton Smith Mitch Callahan 10 1 2 2
5 vs 5 Defense
Defense Defense Time % Phy DF OF
1 Colby Cohen Eric Mestery 40 1 2 2
2 John Draeger Wiley Sherman 30 1 2 2
3 Eric Gustafsson Carl Dahlstrom 20 1 2 2
4 Colby Cohen Eric Mestery 10 1 2 2
PowerPlay Forward
Center Left Wing Right Wing Time % Phy DF OF
1 Rickard Rakell Dwight King Ryan Shannon 60 1 2 2
2 Tyler Brenner Kenndal McArdle Corey Tropp 40 1 2 2
PowerPlay Defense
Defense Defense Time % Phy DF OF
1 Colby Cohen Eric Mestery 60 1 2 2
2 John Draeger Wiley Sherman 40 1 2 2
Penalty Kill 4 Players Forward
Center Wing Time % Phy DF OF
1 Dwight King Ryan Shannon 60 1 2 2
2 Rickard Rakell Kenndal McArdle 40 1 2 2
Penalty Kill 4 Players Defense
Defense Defense Time % Phy DF OF
1 Colby Cohen Eric Mestery 60 1 2 2
2 John Draeger Wiley Sherman 40 1 2 2
Penalty Kill - 3 Players Forward
Forward Time % Phy DF OF
1 Dwight King 60 1 2 2
2 Ryan Shannon 40 1 2 2
Penalty Kill - 3 Players Defense
Defense Defense Time % Phy DF OF
1 Colby Cohen Eric Mestery 60 1 2 2
2 John Draeger Wiley Sherman 40 1 2 2
4 vs 4 Forward
Center Wing Time % Phy DF OF
1 Dwight King Ryan Shannon 60 1 2 2
2 Rickard Rakell Kenndal McArdle 40 1 2 2
4 vs 4 Defense
Defense Defense Time % Phy DF OF
1 Colby Cohen Eric Mestery 60 1 2 2
2 John Draeger Wiley Sherman 40 1 2 2
Last Minutes Offensive
Center Left Wing Right Wing Defense Defense
Rickard Rakell Dwight King Ryan Shannon Colby Cohen Eric Mestery
Last Minutes Defensive
Center Left Wing Right Wing Defense Defense
Rickard Rakell Dwight King Ryan Shannon Colby Cohen Eric Mestery
Goaltenders
Starting : Jeff Frazee
Backup : Jake Allen
Extra Forwards
Normal : Max McCormick, Mike Halmo, Joseph Cramarossa - PP : Max McCormick, Mike Halmo - PK : Joseph Cramarossa
Extra Defensemen
Normal : Eric Gustafsson, Carl Dahlstrom, John Draeger - PP : Eric Gustafsson - PK : Carl Dahlstrom, John Draeger
Penalty Shots
Dwight King, Ryan Shannon, Rickard Rakell, Kenndal McArdle, Tyler Brenner
Scratches
Jack Skille (Right Wrist Injury), Rasmus Ristolainen (Healthy), Francois Tremblay (Healthy)
Punishers
5 vs 5 Forward
Center Left Wing Right Wing Time % Phy DF OF
1 Andreas Athanasiou Garret Ross David Laliberté 40 1 2 2
2 Freddie Hamilton Nikita Gusev Mattias Tedenby 30 1 2 2
3 David Laliberté John Macfarland Miikka Salomaki 20 1 2 2
4 Mattias Tedenby Miikka Salomaki Dan Bertram 10 1 2 2
5 vs 5 Defense
Defense Defense Time % Phy DF OF
1 Stefan Elliott Adam Pelech 40 1 2 2
2 Jordan Schmaltz Patrick Wiercioch 30 1 2 2
3 Madison Bowey Dylan DeMelo 20 1 2 2
4 Trevor Van Riemsdyk Ben Betker 10 1 2 2
PowerPlay Forward
Center Left Wing Right Wing Time % Phy DF OF
1 Andreas Athanasiou Garret Ross David Laliberté 60 1 2 2
2 Freddie Hamilton Nikita Gusev Mattias Tedenby 40 1 2 2
PowerPlay Defense
Defense Defense Time % Phy DF OF
1 Stefan Elliott Adam Pelech 60 1 2 2
2 Jordan Schmaltz Patrick Wiercioch 40 1 2 2
Penalty Kill 4 Players Forward
Center Wing Time % Phy DF OF
1 David Laliberté Mattias Tedenby 60 1 2 2
2 Miikka Salomaki Dan Bertram 40 1 2 2
Penalty Kill 4 Players Defense
Defense Defense Time % Phy DF OF
1 Stefan Elliott Adam Pelech 60 1 2 2
2 Jordan Schmaltz Patrick Wiercioch 40 1 2 2
Penalty Kill - 3 Players Forward
Forward Time % Phy DF OF
1 David Laliberté 60 1 2 2
2 Mattias Tedenby 40 1 2 2
Penalty Kill - 3 Players Defense
Defense Defense Time % Phy DF OF
1 Stefan Elliott Adam Pelech 60 1 2 2
2 Jordan Schmaltz Patrick Wiercioch 40 1 2 2
4 vs 4 Forward
Center Wing Time % Phy DF OF
1 David Laliberté Mattias Tedenby 60 1 2 2
2 Miikka Salomaki Dan Bertram 40 1 2 2
4 vs 4 Defense
Defense Defense Time % Phy DF OF
1 Stefan Elliott Adam Pelech 60 1 2 2
2 Jordan Schmaltz Patrick Wiercioch 40 1 2 2
Last Minutes Offensive
Center Left Wing Right Wing Defense Defense
Andreas Athanasiou Garret Ross David Laliberté Stefan Elliott Adam Pelech
Last Minutes Defensive
Center Left Wing Right Wing Defense Defense
Andreas Athanasiou Garret Ross David Laliberté Stefan Elliott Adam Pelech
Goaltenders
Starting : Louis Domingue
Backup : Daniel Altshuller
Extra Forwards
Normal : Carter Ashton, Michael Joly, John Macfarland - PP : Carter Ashton, Michael Joly - PK : John Macfarland
Extra Defensemen
Normal : Madison Bowey, Dylan DeMelo, Trevor Van Riemsdyk - PP : Madison Bowey - PK : Dylan DeMelo, Trevor Van Riemsdyk
Penalty Shots
David Laliberté, Mattias Tedenby, Miikka Salomaki, Dan Bertram, Garret Ross
Scratches
Radek Faksa (Healthy), Robbie Earl (Broken Bone (Right Ankle) Injury), Tyler Bertuzzi (Suspend), Colton Gillies (Right Foot Injury), Zack Hamill (Healthy)
% Time on Ice - Atomiques
Lines # - Real PCT - Wanted PCT - Time Play
Normal Forward
1 - 33% - 40% - 13:27
2 - 27% - 30% - 11:12
3 - 23% - 20% - 9:43
4 - 17% - 10% - 7:00
Normal Defense
1 - 41% - 40% - 16:56
2 - 32% - 30% - 13:02
3 - 24% - 20% - 10:02
4 - 3% - 10% - 1:22
PP Forward
1 - 51% - 60% - 5:57
2 - 49% - 40% - 5:43
PP Defense
1 - 53% - 60% - 6:11
2 - 47% - 40% - 5:29
PK Forward
1 - 78% - 60% - 4:38
2 - 22% - 40% - 1:18
PK Defense
1 - 61% - 60% - 3:38
2 - 39% - 40% - 2:18
PK3 Forward
1 - 0% - 60%
2 - 0% - 40%
PK3 Defense
1 - 0% - 60%
2 - 0% - 40%
44 Forward
1 - 0% - 60%
2 - 0% - 40%
44 Defense
1 - 0% - 60%
2 - 0% - 40%
Last Minute Offensive - 0:00
Last Minute Defensive - 1:02
Total
Forward - 60:00
Defense - 60:00
|
% Time on Ice - Punishers
Lines # - Real PCT - Wanted PCT - Time Play
Normal Forward
1 - 34% - 40% - 13:57
2 - 36% - 30% - 14:49
3 - 15% - 20% - 6:11
4 - 16% - 10% - 6:25
Normal Defense
1 - 38% - 40% - 15:36
2 - 30% - 30% - 12:19
3 - 23% - 20% - 9:27
4 - 10% - 10% - 4:00
PP Forward
1 - 49% - 60% - 2:53
2 - 51% - 40% - 3:03
PP Defense
1 - 53% - 60% - 3:07
2 - 47% - 40% - 2:49
PK Forward
1 - 73% - 60% - 8:33
2 - 27% - 40% - 3:07
PK Defense
1 - 60% - 60% - 7:03
2 - 40% - 40% - 4:37
PK3 Forward
1 - 0% - 60%
2 - 0% - 40%
PK3 Defense
1 - 0% - 60%
2 - 0% - 40%
44 Forward
1 - 0% - 60%
2 - 0% - 40%
44 Defense
1 - 0% - 60%
2 - 0% - 40%
Last Minute Offensive - 1:02
Last Minute Defensive - 0:00
Total
Forward - 60:00
Defense - 60:00
|
Play-by-Play
1st period
0:01 of 1st period - Rickard Rakell wins face-off versus Andreas Athanasiou in neutral zone.
0:35 of 1st period - Slapshot by Dan Bertram.
0:35 of 1st period - Shot Misses the Net.
0:37 of 1st period - Snap shot by Dan Bertram.
0:37 of 1st period - Shot Blocked by Eric Mestery.
0:39 of 1st period - Wrist shot by Dan Bertram.
0:39 of 1st period - Deflect By Miikka Salomaki.
0:39 of 1st period - Shot Blocked by Rickard Rakell.
0:39 of 1st period - Puck is out of play.
0:40 of 1st period - Tyler Brenner wins face-off versus David Laliberté in Atomiques zone.
0:47 of 1st period - Slapshot by Kenndal McArdle.
0:47 of 1st period - Shot Blocked by Madison Bowey.
0:53 of 1st period - Wrist shot by Kenndal McArdle.
0:53 of 1st period - Stopped by Louis Domingue without a rebound.
0:54 of 1st period - Mattias Tedenby wins face-off versus Anthony Nigro in Punishers zone.
1:01 of 1st period - Wrist shot by Mattias Tedenby.
1:01 of 1st period - Shot Blocked by Brock McGinn.
1:21 of 1st period - Ben Betker is hit by Corey Tropp and loses puck.
1:26 of 1st period - Slapshot by Tyler Brenner.
1:26 of 1st period - Goal by Tyler Brenner - Atomiques : 1 - Punishers : 0.
1:27 of 1st period - Jacob De La Rose wins face-off versus Freddie Hamilton in neutral zone.
1:29 of 1st period - Off-side.
1:30 of 1st period - Jacob De La Rose wins face-off versus Freddie Hamilton in neutral zone.
2:21 of 1st period - Wrist shot by Dan Bertram.
2:21 of 1st period - Shot Misses the Net.
3:18 of 1st period - John Draeger is hit by Miikka Salomaki and loses puck.
3:37 of 1st period - Wrist shot by Dalton Smith.
3:37 of 1st period - Stopped by Louis Domingue with a rebound.
3:39 of 1st period - Slapshot by John Draeger.
3:39 of 1st period - Deflect By Dalton Smith.
3:39 of 1st period - Shot Misses the Net.
3:39 of 1st period - Puck is out of play.
3:40 of 1st period - Rickard Rakell wins face-off versus Andreas Athanasiou in Punishers zone.
3:41 of 1st period - Snap shot by Dwight King.
3:41 of 1st period - Stopped by Louis Domingue without a rebound.
3:42 of 1st period - Ryan Shannon wins face-off versus Freddie Hamilton in Punishers zone.
3:49 of 1st period - Wrist shot by Ryan Shannon.
3:49 of 1st period - Stopped by Louis Domingue with a rebound.
4:32 of 1st period - Wrist shot by Miikka Salomaki.
4:32 of 1st period - Shot Misses the Net.
4:34 of 1st period - Snap shot by Dan Bertram.
4:34 of 1st period - Stopped by Jeff Frazee without a rebound.
4:35 of 1st period - Rickard Rakell wins face-off versus David Laliberté in Atomiques zone.
4:35 of 1st period - Rickard Rakell is hit by John Macfarland.
4:57 of 1st period - Minor Penalty to John Macfarland for Roughing.
4:58 of 1st period - David Laliberté wins face-off versus Rickard Rakell in Punishers zone.
5:28 of 1st period - Stefan Elliott is hit by Tyler Brenner.
6:15 of 1st period - Snap shot by Tyler Brenner.
6:15 of 1st period - Shot Misses the Net.
6:17 of 1st period - Snap shot by Corey Tropp.
6:17 of 1st period - Goal by Corey Tropp - Atomiques : 2 - Punishers : 0.
6:18 of 1st period - Andreas Athanasiou wins face-off versus Rickard Rakell in neutral zone.
6:25 of 1st period - Wrist shot by David Laliberté.
6:25 of 1st period - Shot Misses the Net.
6:27 of 1st period - Snap shot by David Laliberté.
6:27 of 1st period - Deflect By Andreas Athanasiou.
6:27 of 1st period - Shot Misses the Net.
6:27 of 1st period - Puck is out of play.
6:28 of 1st period - Garret Ross wins face-off versus Rickard Rakell in Atomiques zone.
6:31 of 1st period - Wrist shot by Andreas Athanasiou.
6:31 of 1st period - Goal by Andreas Athanasiou - Atomiques : 2 - Punishers : 1.
6:32 of 1st period - Andreas Athanasiou wins face-off versus Tyler Brenner in neutral zone.
6:49 of 1st period - Corey Tropp is hit by Adam Pelech and loses puck.
7:13 of 1st period - Minor Penalty to Rickard Rakell for Holding.
7:14 of 1st period - Ryan Shannon wins face-off versus Andreas Athanasiou in Atomiques zone.
8:38 of 1st period - Stefan Elliott is hit by Eric Mestery and loses puck.
9:09 of 1st period - Slapshot by Stefan Elliott.
9:09 of 1st period - Stopped by Jeff Frazee with a rebound.
9:11 of 1st period - Snap shot by Carter Ashton.
9:11 of 1st period - Deflect By Dan Bertram.
9:11 of 1st period - Goal by Dan Bertram - Atomiques : 2 - Punishers : 2.
9:12 of 1st period - Anthony Nigro wins face-off versus David Laliberté in neutral zone.
9:15 of 1st period - Jordan Schmaltz is hit by Bobby Farnham and loses puck.
9:36 of 1st period - Colby Cohen is hit by Patrick Wiercioch and loses puck.
9:57 of 1st period - Wrist shot by Mattias Tedenby.
9:57 of 1st period - Stopped by Jeff Frazee with a rebound.
9:59 of 1st period - Backhand shot by Adam Pelech.
9:59 of 1st period - Stopped by Jeff Frazee with a rebound.
10:01 of 1st period - Wrist shot by David Laliberté.
10:01 of 1st period - Stopped by Jeff Frazee without a rebound.
10:02 of 1st period - Andreas Athanasiou wins face-off versus Tyler Brenner in Atomiques zone.
10:07 of 1st period - Snap shot by David Laliberté.
10:07 of 1st period - Goal by David Laliberté - Atomiques : 2 - Punishers : 3.
10:08 of 1st period - Rickard Rakell wins face-off versus Andreas Athanasiou in neutral zone.
10:23 of 1st period - Snap shot by Ryan Shannon.
10:23 of 1st period - Shot Misses the Net.
10:36 of 1st period - Minor Penalty to Adam Pelech for Hooking.
10:37 of 1st period - David Laliberté wins face-off versus Rickard Rakell in Punishers zone.
10:37 of 1st period - David Laliberté is hit by Colby Cohen.
10:47 of 1st period - Snap shot by Dwight King.
10:47 of 1st period - Shot Misses the Net.
10:49 of 1st period - Wrist shot by Dwight King.
10:49 of 1st period - Shot Blocked by Dylan DeMelo.
10:51 of 1st period - Wrist shot by Ryan Shannon.
10:51 of 1st period - Shot Blocked by David Laliberté.
10:53 of 1st period - Snap shot by Colby Cohen.
10:53 of 1st period - Deflect By Dwight King.
10:53 of 1st period - Stopped by Louis Domingue without a rebound.
10:54 of 1st period - David Laliberté wins face-off versus Rickard Rakell in Punishers zone.
11:21 of 1st period - David Laliberté is hit by Corey Tropp and loses puck.
12:36 of 1st period - Penalty to Adam Pelech is over, Adam Pelech is back on ice.
12:42 of 1st period - Slapshot by Stefan Elliott.
12:42 of 1st period - Stopped by Jeff Frazee without a rebound.
12:43 of 1st period - Anthony Nigro wins face-off versus Freddie Hamilton in Atomiques zone.
12:43 of 1st period - Anthony Nigro is hit by Ben Betker.
13:19 of 1st period - Wrist shot by Dalton Smith.
13:19 of 1st period - Deflect By Mitch Callahan.
13:19 of 1st period - Shot Misses the Net.
13:19 of 1st period - Puck is out of play.
13:20 of 1st period - Andreas Athanasiou wins face-off versus Rickard Rakell in Punishers zone.
13:20 of 1st period - Andreas Athanasiou is hit by Eric Mestery.
13:54 of 1st period - Colby Cohen is hit by Miikka Salomaki and loses puck.
14:41 of 1st period - Colby Cohen is hit by Andreas Athanasiou and loses puck.
15:30 of 1st period - Icing by Nikita Gusev.
15:31 of 1st period - Anthony Nigro wins face-off versus Freddie Hamilton in Punishers zone.
15:42 of 1st period - Wrist shot by Rickard Rakell.
15:42 of 1st period - Shot Misses the Net.
15:44 of 1st period - Snap shot by John Draeger.
15:44 of 1st period - Shot Blocked by Nikita Gusev.
16:14 of 1st period - Icing by Patrick Wiercioch.
16:15 of 1st period - Freddie Hamilton wins face-off versus Rickard Rakell in Punishers zone.
16:15 of 1st period - Freddie Hamilton is hit by Ryan Shannon.
16:27 of 1st period - Snap shot by Ryan Shannon.
16:27 of 1st period - Stopped by Louis Domingue without a rebound.
16:28 of 1st period - Rickard Rakell wins face-off versus Andreas Athanasiou in Punishers zone.
16:35 of 1st period - Slapshot by Stefan Elliott.
16:35 of 1st period - Stopped by Jeff Frazee with a rebound.
16:37 of 1st period - Wrist shot by Stefan Elliott.
16:37 of 1st period - Shot Blocked by Ryan Shannon.
16:39 of 1st period - Wrist shot by David Laliberté.
16:39 of 1st period - Shot Blocked by Carl Dahlstrom.
16:41 of 1st period - Wrist shot by Stefan Elliott.
16:41 of 1st period - Stopped by Jeff Frazee with a rebound.
17:02 of 1st period - Snap shot by Mattias Tedenby.
17:02 of 1st period - Stopped by Jeff Frazee without a rebound.
17:03 of 1st period - David Laliberté wins face-off versus Tyler Brenner in Atomiques zone.
18:33 of 1st period - Slapshot by Tyler Brenner.
18:33 of 1st period - Stopped by Louis Domingue with a rebound.
18:42 of 1st period - Minor Penalty to Miikka Salomaki for Hooking.
18:43 of 1st period - Rickard Rakell wins face-off versus Mattias Tedenby in Punishers zone.
18:47 of 1st period - Backhand shot by Dwight King.
18:47 of 1st period - Shot Misses the Net.
18:49 of 1st period - Wrist shot by Ryan Shannon.
18:49 of 1st period - Shot Misses the Net.
18:51 of 1st period - Snap shot by Dwight King.
18:51 of 1st period - Shot Blocked by Jordan Schmaltz.
18:53 of 1st period - Slapshot by Eric Mestery.
18:53 of 1st period - Stopped by Louis Domingue with a rebound.
18:55 of 1st period - Snap shot by Dwight King.
18:55 of 1st period - Shot Blocked by Jordan Schmaltz.
18:57 of 1st period - Snap shot by Rickard Rakell.
18:57 of 1st period - Shot Misses the Net.
18:59 of 1st period - Slapshot by Eric Mestery.
18:59 of 1st period - Deflect By Ryan Shannon.
18:59 of 1st period - Shot Misses the Net.
18:59 of 1st period - Puck is out of play.
19:00 of 1st period - Rickard Rakell wins face-off versus David Laliberté in Punishers zone.
19:03 of 1st period - Snap shot by Dwight King.
19:03 of 1st period - Shot Blocked by Adam Pelech.
19:05 of 1st period - Snap shot by Dwight King.
19:05 of 1st period - Shot Misses the Net.
19:07 of 1st period - Slapshot by Eric Mestery.
19:07 of 1st period - Goal by Eric Mestery - Atomiques : 3 - Punishers : 3.
19:08 of 1st period - Rickard Rakell wins face-off versus Andreas Athanasiou in neutral zone.
Goals for this period are 3 for Atomiques vs 3 for Punishers.
Shots for this period are 11 for Atomiques vs 12 for Punishers.
2nd period
0:01 of 2nd period - Andreas Athanasiou wins face-off versus Rickard Rakell in neutral zone.
0:34 of 2nd period - Snap shot by Tyler Brenner.
0:34 of 2nd period - Stopped by Louis Domingue with a rebound.
0:47 of 2nd period - Off-side.
0:48 of 2nd period - Brock McGinn wins face-off versus David Laliberté in neutral zone.
1:01 of 2nd period - Slapshot by Wiley Sherman.
1:01 of 2nd period - Deflect By Brock McGinn.
1:01 of 2nd period - Shot Misses the Net.
1:01 of 2nd period - Puck is out of play.
1:02 of 2nd period - Freddie Hamilton wins face-off versus Rickard Rakell in Punishers zone.
1:27 of 2nd period - David Laliberté is hit by Kenndal McArdle and loses puck.
1:46 of 2nd period - Colby Cohen is hit by Dan Bertram and loses puck.
2:13 of 2nd period - Rickard Rakell is hit by Mattias Tedenby and loses puck.
3:14 of 2nd period - Slapshot by Wiley Sherman.
3:14 of 2nd period - Stopped by Louis Domingue with a rebound.
4:24 of 2nd period - Garret Ross is hit by Wiley Sherman and loses puck.
4:29 of 2nd period - Wrist shot by Mitch Callahan.
4:29 of 2nd period - Shot Misses the Net.
4:31 of 2nd period - Slapshot by Colby Cohen.
4:31 of 2nd period - Shot Misses the Net.
5:31 of 2nd period - Wiley Sherman is hit by David Laliberté and loses puck.
5:46 of 2nd period - Snap shot by Anthony Nigro.
5:46 of 2nd period - Stopped by Louis Domingue with a rebound.
7:01 of 2nd period - Icing by Dwight King.
7:02 of 2nd period - Andreas Athanasiou wins face-off versus Rickard Rakell in Atomiques zone.
7:11 of 2nd period - Slapshot by Eric Mestery.
7:11 of 2nd period - Stopped by Louis Domingue with a rebound.
8:30 of 2nd period - Icing by Tyler Brenner.
8:31 of 2nd period - Mattias Tedenby wins face-off versus Tyler Brenner in Atomiques zone.
9:10 of 2nd period - Adam Pelech is hit by Dalton Smith and loses puck.
9:23 of 2nd period - Wrist shot by Dalton Smith.
9:23 of 2nd period - Shot Misses the Net.
10:47 of 2nd period - Snap shot by Dwight King.
10:47 of 2nd period - Shot Misses the Net.
10:49 of 2nd period - Slapshot by Eric Gustafsson.
10:49 of 2nd period - Stopped by Louis Domingue with a rebound.
10:51 of 2nd period - Wrist shot by Ryan Shannon.
10:51 of 2nd period - Stopped by Louis Domingue without a rebound.
10:52 of 2nd period - Garret Ross wins face-off versus Rickard Rakell in Punishers zone.
10:52 of 2nd period - Garret Ross is hit by Ryan Shannon.
11:19 of 2nd period - Kenndal McArdle is hit by Dylan DeMelo and loses puck.
11:38 of 2nd period - Snap shot by Dalton Smith.
11:38 of 2nd period - Shot Blocked by Patrick Wiercioch.
11:40 of 2nd period - Slapshot by Eric Mestery.
11:40 of 2nd period - Stopped by Louis Domingue with a rebound.
11:42 of 2nd period - Slapshot by Eric Mestery.
11:42 of 2nd period - Shot Blocked by Jordan Schmaltz.
11:56 of 2nd period - Slapshot by Mattias Tedenby.
11:56 of 2nd period - Shot Misses the Net.
12:35 of 2nd period - Minor Penalty to Andreas Athanasiou for Interference.
12:36 of 2nd period - David Laliberté wins face-off versus Rickard Rakell in Punishers zone.
12:36 of 2nd period - David Laliberté is hit by Eric Mestery.
13:15 of 2nd period - Dan Bertram is hit by Corey Tropp.
13:53 of 2nd period - Icing by Kenndal McArdle.
13:54 of 2nd period - Freddie Hamilton wins face-off versus Tyler Brenner in Atomiques zone.
14:35 of 2nd period - Penalty to Andreas Athanasiou is over, Andreas Athanasiou is back on ice.
15:17 of 2nd period - Eric Gustafsson is hit by Carter Ashton and loses puck.
15:37 of 2nd period - Off-side.
15:38 of 2nd period - Freddie Hamilton wins face-off versus Anthony Nigro in neutral zone.
15:43 of 2nd period - Wrist shot by Mattias Tedenby.
15:43 of 2nd period - Shot Misses the Net.
15:45 of 2nd period - Snap shot by Freddie Hamilton.
15:45 of 2nd period - Goal by Freddie Hamilton - Atomiques : 3 - Punishers : 4.
15:46 of 2nd period - Rickard Rakell wins face-off versus Andreas Athanasiou in neutral zone.
16:00 of 2nd period - Colby Cohen is hit by Garret Ross and loses puck.
17:19 of 2nd period - Nikita Gusev is hit by Dwight King and loses puck.
17:34 of 2nd period - Freddie Hamilton is hit by Dwight King and loses puck.
17:58 of 2nd period - Stefan Elliott is hit by Wiley Sherman and loses puck.
18:30 of 2nd period - Ben Betker is hit by Jacob De La Rose and loses puck.
18:35 of 2nd period - Wrist shot by Mitch Callahan.
18:35 of 2nd period - Shot Misses the Net.
18:37 of 2nd period - Snap shot by Jacob De La Rose.
18:37 of 2nd period - Stopped by Louis Domingue with a rebound.
18:39 of 2nd period - Snap shot by Mitch Callahan.
18:39 of 2nd period - Stopped by Louis Domingue with a rebound.
18:49 of 2nd period - Carter Ashton is hit by Ryan Shannon and loses puck.
18:59 of 2nd period - Icing by Carter Ashton.
19:00 of 2nd period - Tyler Brenner wins face-off versus Carter Ashton in Punishers zone.
19:12 of 2nd period - Minor Penalty to Colby Cohen for Roughing.
19:13 of 2nd period - Dwight King wins face-off versus Garret Ross in Atomiques zone.
19:43 of 2nd period - Snap shot by Mattias Tedenby.
19:43 of 2nd period - Shot Misses the Net.
Goals for this period are 0 for Atomiques vs 1 for Punishers.
Shots for this period are 9 for Atomiques vs 1 for Punishers.
3rd period
0:01 of 3rd period - Andreas Athanasiou wins face-off versus Dwight King in neutral zone.
0:04 of 3rd period - Snap shot by Stefan Elliott.
0:04 of 3rd period - Shot Blocked by Eric Mestery.
0:06 of 3rd period - Snap shot by Andreas Athanasiou.
0:06 of 3rd period - Shot Blocked by Ryan Shannon.
0:08 of 3rd period - Snap shot by Andreas Athanasiou.
0:08 of 3rd period - Shot Misses the Net.
0:10 of 3rd period - Slapshot by Adam Pelech.
0:10 of 3rd period - Shot Blocked by Dwight King.
0:12 of 3rd period - Slapshot by Adam Pelech.
0:12 of 3rd period - Stopped by Jeff Frazee with a rebound.
0:14 of 3rd period - Wrist shot by Garret Ross.
0:14 of 3rd period - Shot Blocked by Eric Mestery.
0:16 of 3rd period - Wrist shot by Garret Ross.
0:16 of 3rd period - Shot Misses the Net.
0:34 of 3rd period - Slapshot by Nikita Gusev.
0:34 of 3rd period - Shot Misses the Net.
1:12 of 3rd period - Penalty to Colby Cohen is over, Colby Cohen is back on ice.
2:50 of 3rd period - Minor Penalty to Nikita Gusev for Hooking.
2:51 of 3rd period - David Laliberté wins face-off versus Rickard Rakell in Punishers zone.
2:51 of 3rd period - David Laliberté is hit by Dwight King.
4:07 of 3rd period - John Draeger is hit by Dan Bertram and loses puck.
4:18 of 3rd period - Tyler Brenner is hit by Garret Ross and loses puck.
4:25 of 3rd period - Slapshot by Garret Ross.
4:25 of 3rd period - Stopped by Jeff Frazee without a rebound.
4:26 of 3rd period - David Laliberté wins face-off versus Rickard Rakell in Atomiques zone.
4:35 of 3rd period - Slapshot by Eric Mestery.
4:35 of 3rd period - Shot Blocked by Adam Pelech.
4:50 of 3rd period - Penalty to Nikita Gusev is over, Nikita Gusev is back on ice.
4:52 of 3rd period - Icing by Eric Mestery.
4:53 of 3rd period - Andreas Athanasiou wins face-off versus Bobby Farnham in Atomiques zone.
4:54 of 3rd period - Snap shot by David Laliberté.
4:54 of 3rd period - Stopped by Jeff Frazee without a rebound.
4:55 of 3rd period - Anthony Nigro wins face-off versus Garret Ross in Atomiques zone.
5:04 of 3rd period - Slapshot by Brock McGinn.
5:04 of 3rd period - Goal by Brock McGinn - Atomiques : 4 - Punishers : 4.
5:05 of 3rd period - Rickard Rakell wins face-off versus Andreas Athanasiou in neutral zone.
5:08 of 3rd period - Snap shot by Dwight King.
5:08 of 3rd period - Stopped by Louis Domingue without a rebound.
5:09 of 3rd period - Rickard Rakell wins face-off versus Andreas Athanasiou in Punishers zone.
5:36 of 3rd period - Slapshot by Miikka Salomaki.
5:36 of 3rd period - Stopped by Jeff Frazee with a rebound.
5:38 of 3rd period - Slapshot by Adam Pelech.
5:38 of 3rd period - Deflect By Mattias Tedenby.
5:38 of 3rd period - Shot Blocked by Colby Cohen.
5:38 of 3rd period - Puck is out of play.
5:39 of 3rd period - Tyler Brenner wins face-off versus Mattias Tedenby in Atomiques zone.
6:29 of 3rd period - Icing by Dwight King.
6:30 of 3rd period - Rickard Rakell wins face-off versus Freddie Hamilton in Atomiques zone.
7:18 of 3rd period - Off-side.
7:19 of 3rd period - Jacob De La Rose wins face-off versus Andreas Athanasiou in neutral zone.
7:30 of 3rd period - Wrist shot by David Laliberté.
7:30 of 3rd period - Stopped by Jeff Frazee with a rebound.
7:32 of 3rd period - Snap shot by Jordan Schmaltz.
7:32 of 3rd period - Stopped by Jeff Frazee with a rebound.
7:34 of 3rd period - Slapshot by Jordan Schmaltz.
7:34 of 3rd period - Shot Misses the Net.
7:40 of 3rd period - Minor Penalty to John Draeger for Diving.
7:41 of 3rd period - Andreas Athanasiou wins face-off versus Dwight King in Atomiques zone.
7:54 of 3rd period - Snap shot by David Laliberté.
7:54 of 3rd period - Shot Misses the Net.
7:56 of 3rd period - Slapshot by Adam Pelech.
7:56 of 3rd period - Shot Blocked by Colby Cohen.
8:19 of 3rd period - Carl Dahlstrom is hit by Adam Pelech and loses puck.
9:05 of 3rd period - Icing by Mattias Tedenby.
9:06 of 3rd period - Freddie Hamilton wins face-off versus Joseph Cramarossa in Punishers zone.
9:10 of 3rd period - Icing by Nikita Gusev.
9:11 of 3rd period - Freddie Hamilton wins face-off versus Joseph Cramarossa in Punishers zone.
9:28 of 3rd period - Wrist shot by Mattias Tedenby.
9:28 of 3rd period - Shot Misses the Net.
9:30 of 3rd period - Wrist shot by Mattias Tedenby.
9:30 of 3rd period - Shot Misses the Net.
9:32 of 3rd period - Slapshot by Jordan Schmaltz.
9:32 of 3rd period - Shot Blocked by Colby Cohen.
9:34 of 3rd period - Snap shot by Nikita Gusev.
9:34 of 3rd period - Stopped by Jeff Frazee without a rebound.
9:35 of 3rd period - Dwight King wins face-off versus Andreas Athanasiou in Atomiques zone.
9:40 of 3rd period - Penalty to John Draeger is over, John Draeger is back on ice.
10:00 of 3rd period - Corey Tropp is hit by David Laliberté and loses puck.
10:08 of 3rd period - Off-side.
10:09 of 3rd period - Rickard Rakell wins face-off versus Freddie Hamilton in neutral zone.
10:58 of 3rd period - Off-side.
10:59 of 3rd period - Andreas Athanasiou wins face-off versus Tyler Brenner in neutral zone.
11:12 of 3rd period - Snap shot by Corey Tropp.
11:12 of 3rd period - Deflect By Garret Ross.
11:12 of 3rd period - Shot Misses the Net.
11:12 of 3rd period - Puck is out of play.
11:13 of 3rd period - Andreas Athanasiou wins face-off versus Rickard Rakell in Punishers zone.
11:13 of 3rd period - Andreas Athanasiou is hit by Rickard Rakell.
11:19 of 3rd period - Ryan Shannon is hit by Garret Ross and loses puck.
11:38 of 3rd period - Tyler Brenner is hit by Dan Bertram and loses puck.
11:59 of 3rd period - Minor Penalty to John Macfarland for Cross-checking.
12:00 of 3rd period - Rickard Rakell wins face-off versus Mattias Tedenby in Punishers zone.
13:59 of 3rd period - Penalty to John Macfarland is over, John Macfarland is back on ice.
14:04 of 3rd period - Wrist shot by Miikka Salomaki.
14:04 of 3rd period - Stopped by Jeff Frazee with a rebound.
14:06 of 3rd period - Slapshot by Patrick Wiercioch.
14:06 of 3rd period - Deflect By Miikka Salomaki.
14:06 of 3rd period - Stopped by Jeff Frazee with a rebound.
14:08 of 3rd period - Snap shot by John Macfarland.
14:08 of 3rd period - Shot Misses the Net.
14:10 of 3rd period - Wrist shot by Dan Bertram.
14:10 of 3rd period - Stopped by Jeff Frazee without a rebound.
14:11 of 3rd period - Andreas Athanasiou wins face-off versus Anthony Nigro in Atomiques zone.
14:14 of 3rd period - Snap shot by Andreas Athanasiou.
14:14 of 3rd period - Shot Blocked by Eric Gustafsson.
14:16 of 3rd period - Slapshot by Dylan DeMelo.
14:16 of 3rd period - Shot Blocked by Bobby Farnham.
14:34 of 3rd period - Madison Bowey is hit by Bobby Farnham.
14:38 of 3rd period - Snap shot by Brock McGinn.
14:38 of 3rd period - Stopped by Louis Domingue with a rebound.
15:44 of 3rd period - Wrist shot by Dalton Smith.
15:44 of 3rd period - Deflect By Mitch Callahan.
15:44 of 3rd period - Stopped by Louis Domingue without a rebound.
15:45 of 3rd period - Freddie Hamilton wins face-off versus Rickard Rakell in Punishers zone.
15:51 of 3rd period - Minor Penalty to Mattias Tedenby for Boarding.
15:52 of 3rd period - David Laliberté wins face-off versus Rickard Rakell in Punishers zone.
16:04 of 3rd period - Snap shot by Rickard Rakell.
16:04 of 3rd period - Shot Misses the Net.
16:06 of 3rd period - Slapshot by Eric Mestery.
16:06 of 3rd period - Stopped by Louis Domingue with a rebound.
16:22 of 3rd period - Stefan Elliott is hit by Kenndal McArdle and loses puck.
17:35 of 3rd period - Colby Cohen is hit by Stefan Elliott and loses puck.
17:51 of 3rd period - Penalty to Mattias Tedenby is over, Mattias Tedenby is back on ice.
18:39 of 3rd period - Ben Betker is hit by Dalton Smith and loses puck.
18:44 of 3rd period - Wrist shot by Mitch Callahan.
18:44 of 3rd period - Shot Blocked by Mattias Tedenby.
18:46 of 3rd period - Slapshot by Jacob De La Rose.
18:46 of 3rd period - Stopped by Louis Domingue with a rebound.
18:48 of 3rd period - Snap shot by Dalton Smith.
18:48 of 3rd period - Deflect By Mitch Callahan.
18:48 of 3rd period - Shot Blocked by Mattias Tedenby.
18:48 of 3rd period - Puck is out of play.
18:49 of 3rd period - Andreas Athanasiou wins face-off versus Anthony Nigro in Punishers zone.
18:49 of 3rd period - Andreas Athanasiou is hit by Anthony Nigro.
18:55 of 3rd period - Wrist shot by Bobby Farnham.
18:55 of 3rd period - Shot Blocked by Jordan Schmaltz.
18:57 of 3rd period - Snap shot by Bobby Farnham.
18:57 of 3rd period - Goal by Bobby Farnham - Atomiques : 5 - Punishers : 4.
18:58 of 3rd period - Rickard Rakell wins face-off versus Andreas Athanasiou in neutral zone.
19:01 of 3rd period - Slapshot by Rickard Rakell.
19:01 of 3rd period - Stopped by Louis Domingue without a rebound.
19:02 of 3rd period - Mike Yeo call a timeout for Punishers.
19:02 of 3rd period - Rickard Rakell wins face-off versus Andreas Athanasiou in Punishers zone.
19:03 of 3rd period - Slapshot by Dwight King.
19:03 of 3rd period - Shot Blocked by Stefan Elliott.
19:07 of 3rd period - Wrist shot by Dwight King.
19:07 of 3rd period - Shot Misses the Net.
19:09 of 3rd period - Wrist shot by Dwight King.
19:09 of 3rd period - Deflect By Ryan Shannon.
19:09 of 3rd period - Stopped by Louis Domingue with a rebound.
19:11 of 3rd period - Snap shot by Dwight King.
19:11 of 3rd period - Stopped by Louis Domingue with a rebound.
19:19 of 3rd period - Wrist shot by Ryan Shannon.
19:19 of 3rd period - Deflect By Rickard Rakell.
19:19 of 3rd period - Shot Misses the Net.
19:19 of 3rd period - Puck is out of play.
19:20 of 3rd period - Rickard Rakell wins face-off versus Andreas Athanasiou in Punishers zone.
19:21 of 3rd period - Slapshot by Ryan Shannon.
19:21 of 3rd period - Shot Misses the Net.
19:23 of 3rd period - Wrist shot by Colby Cohen.
19:23 of 3rd period - Deflect By Ryan Shannon.
19:23 of 3rd period - Shot Misses the Net.
19:23 of 3rd period - Puck is out of play.
19:24 of 3rd period - Rickard Rakell wins face-off versus Andreas Athanasiou in Punishers zone.
19:32 of 3rd period - Off-side.
19:33 of 3rd period - Andreas Athanasiou wins face-off versus Rickard Rakell in neutral zone.
19:38 of 3rd period - Punishers, Louis Domingue is pulled from the net.
19:40 of 3rd period - Snap shot by David Laliberté.
19:40 of 3rd period - Stopped by Jeff Frazee without a rebound.
19:41 of 3rd period - Andreas Athanasiou wins face-off versus Rickard Rakell in Atomiques zone.
19:54 of 3rd period - Snap shot by David Laliberté.
19:54 of 3rd period - Shot Blocked by Dwight King.
Goals for this period are 2 for Atomiques vs 0 for Punishers.
Shots for this period are 10 for Atomiques vs 11 for Punishers.
Back to the Top